 Dungeon Crawl Stone Soup version 0.28.0-62-gf88900778d (webtiles) character file.

Game seed: 12628473616703420363

7249 cbfl8 the Basher (level 11, -3/69 HPs)
             Began as a Gargoyle Berserker on June 20, 2023.
             Was an Elder of Trog.
             Slain by a yak (5 damage)
             ... on level 10 of the Dungeon.
             The game lasted 00:14:30 (14015 turns).

cbfl8 the Basher (Gargoyle Berserker)              Turns: 14015, Time: 00:14:30

Health: -3/69      AC: 23    Str: 21    XL:     11   Next: 12%
Magic:  11/11      EV:  8    Int:  8    God:    Trog [****..]
Gold:   498        SH:  0    Dex: 19    Spells: 10/10 levels left

rFire   . . .      SeeInvis .   F - +4 dire flail
rCold   . . .      Faith    .   (shield currently unavailable)
rNeg    + . .      Spirit   .   C - +0 plate armour
rPois   ∞          Reflect  .   (no helmet)
rElec   +          Harm     .   j - scarf {+Inv}
rCorr   .          Rampage  .   (no gloves)
Will    +....                   k - +0 pair of boots
Stlth   ..........              (no amulet)
HPRegen 0.21/turn               h - ring of willpower
MPRegen 0.12/turn               v - +6 ring of dexterity

@: on berserk cooldown, slowed, very slow
A: sickness immunity, AC +8, negative energy resistance 1, electricity
resistance, torment resistance 1, petrification resistance
a: Renounce Religion, Evoke Invisibility, Berserk, Trog's Hand, Brothers in Arms


You were on level 10 of the Dungeon.
You worshipped Trog.
Trog was greatly pleased with you.
You visited 1 branch of the dungeon, and saw 10 of its levels.
You also visited: Sewer.

You collected 498 gold pieces.

Inventory:

Hand Weapons
 F - a +4 dire flail (weapon)
Armour
 j - a scarf of invisibility (worn)
 k - a +0 pair of boots (worn)
 C - a +0 plate armour (worn)
Jewellery
 h - a ring of willpower (left hand)
 v - a +6 ring of dexterity (right hand)
 x - a ring of fire
Wands
 s - a wand of flame (15)
 u - a wand of mindburst (41) (quivered)
 w - a wand of acid (11)
 D - a wand of iceblast (9)
 H - a wand of polymorph (17)
Scrolls
 c - 2 scrolls of identify
 i - 4 scrolls of enchant armour
 m - 5 scrolls of teleportation
 o - a scroll of fog
 y - 2 scrolls of noise {unknown}
 z - a scroll of brand weapon {unknown}
 B - 2 scrolls of enchant weapon {unknown}
 E - a scroll of acquirement {unknown}
 G - 3 scrolls of summoning
 I - a scroll of fear
Potions
 a - 2 potions of resistance {unknown}
 b - 3 potions of mutation
 d - 4 potions of berserk rage {unknown}
 e - 2 potions of might
 f - 6 potions of curing
 g - a potion of heal wounds
 l - 3 potions of magic {unknown}
 n - a potion of degeneration {unknown}
 p - 3 potions of lignification {unknown}
 q - a potion of cancellation {unknown}
 t - 2 potions of flight {unknown}
Miscellaneous
 r - a phial of floods


   Skills:
 + Level 8.3 Fighting
 - Level 2.4(6.4) Axes
 + Level 10.3(10.5) Maces & Flails
 + Level 9.0 Armour
 + Level 4.0 Dodging
 + Level 1.0 Stealth
 * Level 5.9 Evocations


You had 10 spell levels left.
You didn't know any spells.
Your spell library was empty.

Dungeon Overview and Level Annotations

Branches:
Dungeon (10/15)            Temple (0/1) D:5            Lair (0/6) D:8
  Sewer (visited)
    Orc: D:9-12

Altars:
Gozag
Uskayaw

Annotations:
D:8 3 runed translucent doors, cbfl8's ghost, novice MiBe


Innate Abilities, Weirdness & Mutations

You are immune to sickness and miasma.
Your stone body is resilient. (AC +8)
You are immune to poison.
You resist negative energy. (rN+)
You are resistant to electric shocks. (rElec)
You are resistant to unholy torment.
You are immune to petrification.


Message History

The yak gores you but does no damage.
You impale the yak!!
The yak is almost dead.
You barely miss the yak.
The yak is almost dead.
The yak gores you but does no damage.
You puncture the yak!
You kill the yak!
Trog accepts your kill.
Your Armour skill increases to level 9!
The yak gores you but does no damage.
Things that are here:
a yak corpse; a yak corpse You puncture the yak!
The yak is moderately wounded.
The yak gores you.
* * * LOW HITPOINT WARNING * * *
You closely miss the yak.
The yak is moderately wounded.
You sock the yak!
The yak is heavily wounded.
The yak barely misses you.
You closely miss the yak.
The yak is heavily wounded.
You impale the yak!!
You kill the yak!
Trog accepts your kill. The yak gores you!
* * * LOW HITPOINT WARNING * * *
You see here a yak corpse.
You barely miss the yak. The yak gores you!
* * * LOW HITPOINT WARNING * * *
You barely miss the yak.
You are no longer berserk.
You are exhausted.
You feel yourself slow down.
You hit the yak.
The yak is lightly wounded.
The yak gores you.
You die...

#.# ##### ### ####
########.... #... ..#
#..:.....### #.... #.#
#.#####..#
#.#...#.######.### #..#
......†Y@†.......###..#
#.......######........#
####.#### ###.####.# #
#...# #... #...# ###.#
#...# .. #.### # ##>#
##..#


You could see a yak.

Vanquished Creatures
  A gargoyle (D:10)
  10 yaks
  2 wyverns
  A wraith (D:10)
  A shadow (D:9)
  A steam dragon (D:7)
  2 acid dragons (D:9)
  An ice beast (D:8)
  An orc warrior (D:7)
  A black bear (D:4)
  A hornet zombie (D:6)
  A necrophage (D:5)
  3 ogres
  2 phantoms (D:4)
  6 centaurs
  3 kobold brigands (D:9)
  4 bullfrogs
  2 gnoll sergeants
  A water moccasin zombie (D:5)
  13 killer bees
  15 wights
  A howler monkey (D:9)
  A lava snake (D:8)
  4 centaur zombies
  A centaur skeleton (D:5)
  2 hounds
  5 jellies
  2 orc priests
  Crazy Yiuf (D:3)
  A bullfrog skeleton (D:7)
  An iguana (D:5)
  Ijyb (D:4)
  9 orc wizards
  A killer bee zombie (D:9)
  A hound zombie (D:3)
  A hound skeleton (D:5)
  A howler monkey zombie (D:10)
  3 gnolls (D:6)
  A howler monkey skeleton (D:7)
  10 adders
  A shadow imp (D:5)
  A white imp (D:8)
  A worm (D:2)
  4 dart slugs
  35 orcs
  11 bats
  13 endoplasms
  12 giant cockroaches
  7 goblins
  10 hobgoblins
  4 quokkas
  11 ball pythons
  7 frilled lizards
  2 kobolds
  10 rats
248 creatures vanquished.

Vanquished Creatures (others)
  An ufetubus (D:7)
  An orc (D:9)
  A quokka (D:4)
3 creatures vanquished.

Grand Total: 251 creatures vanquished

Notes
Turn   | Place    | Note
-------+----------+-------------------------------------------
     0 | D:1      | cbfl8 the Gargoyle Berserker began the quest for the Orb.
     0 | D:1      | Reached XP level 1. HP: 14/14 MP: 1/1
   247 | D:1      | Reached XP level 2. HP: 19/19 MP: 2/2
  1147 | D:1      | Reached XP level 3. HP: 22/24 MP: 3/3
  1378 | D:2      | Reached ** piety under Trog
  1470 | D:2      | Found a faded altar of an unknown god.
  1840 | D:2      | Reached XP level 4. HP: 29/29 MP: 4/4
  2044 | D:3      | Reached skill level 4 in Maces & Flails
  2102 | D:3      | Found a glowing drain.
  2120 | Sewer    | Entered a sewer
  2349 | Sewer    | Reached *** piety under Trog
  2800 | Sewer    | Reached XP level 5. HP: 33/33 MP: 5/5
  2867 | Sewer    | Found a viscous altar of Jiyva.
  3284 | D:3      | Reached skill level 5 in Maces & Flails
  3284 | D:3      | Reached XP level 6. HP: 21/38 MP: 6/6
  4192 | D:3      | Found a runed translucent door.
  4193 | D:3      | Noticed Crazy Yiuf
  4201 | D:3      | Killed Crazy Yiuf
  4345 | D:4      | Noticed a black bear
  4354 | D:4      | Killed a black bear
  4355 | D:4      | Reached XP level 7. HP: 44/44 MP: 7/7
  4741 | D:5      | Entered Level 5 of the Dungeon
  4941 | D:4      | Reached skill level 6 in Maces & Flails
  5284 | D:4      | Noticed Ijyb
  5292 | D:4      | Killed Ijyb
  5469 | D:4      | Reached skill level 5 in Fighting
  6105 | D:5      | Found a staircase to the Ecumenical Temple.
  6273 | D:5      | Reached XP level 8. HP: 43/49 MP: 8/8
  6814 | D:5      | Reached skill level 5 in Armour
  6814 | D:5      | Reached skill level 1 in Evocations
  6816 | D:5      | Noticed a yak
  6823 | D:5      | Killed a yak
  6902 | D:5      | Reached skill level 7 in Maces & Flails
  7090 | D:5      | Reached **** piety under Trog
  7844 | D:6      | Noticed a six-headed hydra
  7846 | D:6      | Noticed a troll
  8298 | D:7      | Reached XP level 9. HP: 50/55 MP: 9/9
  8698 | D:7      | Reached skill level 1 in Stealth
  9519 | D:8      | Found a staircase to the Lair.
  9539 | D:8      | Reached skill level 1 in Axes
 10044 | D:8      | Reached skill level 8 in Maces & Flails
 10194 | D:8      | Found a hide-covered altar of Uskayaw.
 10236 | D:8      | Found a runed translucent gate.
 10236 | D:8      | Found a runed translucent gate.
 10236 | D:8      | Found a runed translucent gate.
 10237 | D:8      | Found an opulent altar of Gozag.
 10238 | D:8      | Noticed a boulder beetle
 10239 | D:8      | Noticed cbfl8's ghost (novice MiBe)
 10973 | D:8      | Reached XP level 10. HP: 21/63 MP: 10/10
 11705 | D:9      | Reached skill level 9 in Maces & Flails
 12542 | D:9      | Reached skill level 5 in Evocations
 12909 | D:10     | Entered Level 10 of the Dungeon
 13191 | D:10     | Reached skill level 10 in Maces & Flails
 13426 | D:10     | Noticed a gargoyle
 13434 | D:10     | Killed a gargoyle
 13435 | D:10     | Reached XP level 11. HP: 59/68 MP: 11/11
 14013 | D:10     | HP: 2/103 [yak (11)]
 14015 | D:10     | Slain by a yak

Illustrated notes

Levels and vault maps discovered:
D:1:      onia_arrival_pyramid, layout_loops_corners, minmay_pentomino_w2
D:2:      layout_basic, chequers_ecumenical_altar_simple,
          nicolae_concentric_dashed_squares_wild, chequers_avenue
D:3:      minmay_door_path, layout_loops_ring, portal_sewer_entry_f,
          uniq_crazy_yiuf_cottage
D:4:      layout_basic, uniq_ijyb
D:5:      minmay_razor_zed, layout_loops_ring, minmay_temple_entry_large_hall
D:6:      layout_basic, minmay_chambers_of_fives
D:7:      layout_cave_pools
D:8:      layout_basic, nicolae_uskayaw_suspiria, dpeg_oklobed_lair,
          ebering_ghost_gozag
D:9:      minmay_s_stair_smasher, layout_cave_pools
D:10:     layout_loops_corners, st_stairs_8

Skill      XL: |  1  2  3  4  5  6  7  8  9 10 11 |
---------------+----------------------------------+-----
Maces & Flails | 4 5 6 7 8 10 | 10.3
Dodging        | 2 3 4 |  4.0
Fighting       | 4 5 7 8 |  8.3
Armour         | 3 4 6 7 8 9 |  9.0
Evocations     | 2 4 5 |  5.9
Stealth        | 1 |  1.0
Axes           | 2 |  2.4

Action                   |  1- 3 |  4- 6 |  7- 9 | 10-12 || total
-------------------------+-------+-------+-------+-------++-------
Melee: Mace              |   128 |   226 |   440 |       ||   794
       Punch             |     2 |     1 |     5 |       ||     8
       Dire flail        |       |       |    61 |   198 ||   259
Invok: Berserk           |       |     5 |     7 |     2 ||    14
       Trog's Hand       |       |       |     2 |       ||     2
 Abil: Evoke Invisibilit |       |       |     1 |       ||     1
Evoke: Wand              |       |       |     2 |       ||     2
  Use: Scroll            |       |     6 |     6 |     1 ||    13
       Potion            |       |       |     2 |       ||     2
Armor: Ring mail         |    71 |   149 |   102 |       ||   322
       Animal skin       |     2 |       |       |       ||     2
       Chain mail        |       |       |   232 |       ||   232
       Plate armour      |       |       |   169 |   189 ||   358
Dodge: Dodged            |   115 |   146 |   399 |   119 ||   779
